 Dungeon Crawl Stone Soup version 0.26.1-2-gb8aa6d0cf2 (webtiles) character file.

Game seed: 6052615429841844774

4008 Ladykiller69 the Cleaver (level 10, 0/83 (88) HPs)
             Began as a Hill Orc Gladiator on Mar 26, 2021.
             Was a Believer of Wu Jian.
             Slain by Psyche
             ... wielding a +2 dagger of chaos
              (9 damage)
             ... while petrified by Psyche
             ... on level 8 of the Dungeon.
             The game lasted 00:30:23 (10826 turns).

Ladykiller69 the Cleaver (Hill Orc Gladiator)      Turns: 10826, Time: 00:30:24

HP:   0/83 (88)     AC:  0    Str: 21    XL:     10   Next: 23%
MP:   10/10         EV:  5    Int:  8    God:    Wu Jian [**....]
Gold: 541           SH:  0    Dex: 17    Spells: 9/9 levels left

rFire    . . .     SeeInvis .   (weapon currently unavailable)
rCold    . . .     Faith    .   (shield currently unavailable)
rNeg     + + +     Spirit   .   (armour currently unavailable)
rPois    ∞         Reflect  .   (helmet currently unavailable)
rElec    .         Harm     .   (cloak currently unavailable)
rCorr    .         Rampage  .   (gloves currently unavailable)
Will     .....                  (boots currently unavailable)
Stlth    ++........             (no amulet)
HPRegen  0.23/turn              (ring currently unavailable)
MPRegen  0.12/turn              (ring currently unavailable)

@: mighty, bat-form, petrified, flying, drained, very quick
A: tiny
a: Stop Flying, Renounce Religion, Wall Jump


You were on level 8 of the Dungeon.
You worshipped Wu Jian.
Wu Jian was pleased with you.
You were in bat-form.
You visited 2 branches of the dungeon, and saw 9 of its levels.

You collected 541 gold pieces.

Inventory:

Hand Weapons
 a - a +0 war axe (melded)
Missiles
 d - 8 throwing nets
 w - 15 poisoned darts
 A - 7 curare-tipped darts
 I - 8 javelins
Armour
 m - a +0 ring mail
 r - a +1 hat (melded)
 C - a +0 chain mail
 M - a +0 plate armour (melded)
Jewellery
 h - a cursed ring of teleportation
 t - an uncursed ring of fire {unknown}
 u - an uncursed amulet of reflection
 x - a +4 ring of evasion {unknown}
 z - an uncursed ring of protection from cold {unknown}
 F - a cursed -4 ring of strength {unknown}
 H - a +6 ring of intelligence {unknown}
Wands
 v - a wand of iceblast (6)
 B - a wand of polymorph (7) (quivered)
 D - a wand of digging (3)
 L - a wand of enslavement (3)
Scrolls
 b - 3 scrolls of amnesia
 f - 3 scrolls of teleportation
 i - 13 scrolls of identify
 k - a scroll of remove curse
 o - 2 scrolls of enchant weapon {unknown}
 q - 2 scrolls of magic mapping {unknown}
 y - 2 scrolls of fear {unknown}
 E - 3 scrolls of fog {unknown}
 J - a scroll of enchant armour {unknown}
 K - 2 scrolls of immolation {unknown}
Potions
 c - a potion of invisibility
 e - 9 potions of curing
 g - 2 potions of degeneration {unknown}
 j - 3 potions of haste {unknown}
 l - 2 potions of attraction {unknown}
 n - a potion of mutation {unknown}
 p - 2 potions of might {unknown}
 s - 4 potions of heal wounds {unknown}
 G - a potion of cancellation {unknown}


   Skills:
 + Level 8.0 Fighting
 * Level 12.3 Axes
 - Level 2.0 Throwing
 + Level 6.9 Armour
 + Level 5.9 Dodging


You had 9 spell levels left.
You didn't know any spells.
Your spell library contained the following spells:

 Spells                   Type           Power        Failure   Level
 Beastly Appendage        Tmut           0%           41%         1
 Wereblood                Tmut           0%           54%         2
 Spider Form              Tmut/Pois      0%           78%         3
 Ice Form                 Ice/Tmut       0%           99%         4
 Blade Hands              Tmut           0%           100%        5


Dungeon Overview and Level Annotations

Branches:
Dungeon (8/15)             Temple (1/1) D:6
   Lair: D:8-11

Altars:
Ashenzari
Cheibriados
Dithmenos
Elyvilon
Fedhas
Gozag
Hepliaklqana
Kikubaaqudgha
Makhleb
Nemelex Xobeh
Okawaru
Qazlal
Ru
Sif Muna
Trog
Uskayaw
Vehumet
Wu Jian
Yredelemnul
Zin
The Shining One

Shops:
D:4 *   D:7 (

Annotations:
D:2 1 runed translucent door, Crazy Yiuf
D:7 2 transporters
D:8 exclusions: electric eel and 1 more exclusion, Psyche


Message History

The puff of frost hits you!
* * * LOW HITPOINT WARNING * * *
Psyche laughs secretively.
Psyche hits you but does no damage.
You are slowing down.
Psyche hits you with a +2 dagger of chaos.
* * * LOW HITPOINT WARNING * * *
You feel very mighty all of a sudden.
Your limbs are stiffening.
Psyche hits you with a +2 dagger of chaos.
* * * LOW HITPOINT WARNING * * *
Psyche freezes you.
* * * LOW HITPOINT WARNING * * *
You have turned to stone.
Psyche hits you with a +2 dagger of chaos.
Psyche burns you.
Psyche hits you with a +2 dagger of chaos.
* * * LOW HITPOINT WARNING * * *
You are electrocuted!!
You die...

..................#..............
..................#.............#
.................###.....####..##
.................######### .....#
..................# ##......≈
..................######......P≈≈
..............)..............≈.≈≈
............†....@..###.....≈.≈♣♣
................b#..###.....P.P
.............#..#...##......P≈
.............#..###...#......P.
......[...#....## ##..........≈
...........#..## ##..#....##≈
.............## ##..##...#
............## #... ..#
...........## ##... .
..........## #..#


You could see Psyche (fast).

Vanquished Creatures
  A yak (D:8)
  Sigmund (D:4)
  Eustachio (D:5)
  Grum (D:6)
  A phantom (D:8)
  An orc warrior (D:5)
  An ice beast (D:6)
  An ogre (D:6)
  A wolf (D:6)
  A big kobold (D:7)
  10 bullfrogs
  2 gnoll sergeants (D:6)
  2 scorpions
  3 killer bees (D:7)
  2 howler monkeys
  10 wights (D:8)
  12 hounds
  4 bullfrog skeletons
  2 gnoll shamans (D:6)
  4 orc priests
  4 orc wizards
  2 iguanas
  Terence (D:3)
  6 worker ants
  A worker ant zombie (D:7)
  28 gnolls
  5 adders
  A shadow imp (D:5)
  An ufetubus (D:5)
  4 oozes
  An adder skeleton (D:7)
  3 adder zombies
  2 worms
  4 leopard geckos
  15 orcs
  8 bats
  8 giant cockroaches
  9 goblins
  12 hobgoblins
  14 jackals
  9 kobolds
  4 quokkas
  2 ball pythons
  8 frilled lizards
  4 rats
217 creatures vanquished.

Vanquished Creatures (others)
  11 fungi
  28 plants
39 creatures vanquished.

Grand Total: 256 creatures vanquished

Notes
Turn   | Place    | Note
-------+----------+-------------------------------------------
     0 | D:1      | Ladykiller69 the Hill Orc Gladiator began the quest for the
                  | Orb.
     0 | D:1      | Reached XP level 1. HP: 18/18 MP: 1/1
    66 | D:1      | Reached XP level 2. HP: 25/25 MP: 2/2
   376 | D:1      | Reached XP level 3. HP: 27/30 MP: 3/3
   488 | D:1      | Reached skill level 1 in Armour
   773 | D:2      | Reached skill level 5 in Axes
   897 | D:2      | Reached XP level 4. HP: 36/38 MP: 4/4
  1397 | D:2      | Found a sacrificial altar of Ru.
  1659 | D:2      | You fall into a shaft and drop 2 floors!
  1704 | D:2      | Found a runed translucent door.
  1705 | D:2      | Noticed Crazy Yiuf
  1732 | D:2      | Reached XP level 5. HP: 45/45 MP: 5/5
  2652 | D:3      | Found a blossoming altar of Fedhas.
  2658 | D:3      | Noticed Terence
  2836 | D:3      | Killed Terence
  2837 | D:3      | Reached skill level 6 in Axes
  3178 | D:4      | Reached XP level 6. HP: 52/52 MP: 6/6
  3761 | D:4      | Noticed Sigmund
  4214 | D:4      | Found Omulykhlesu's Assorted Antiques.
  4258 | D:4      | Found a glowing golden altar of the Shining One.
  4363 | D:4      | Reached skill level 7 in Axes
  4363 | D:4      | Reached XP level 7. HP: 34/59 MP: 7/7
  4678 | D:4      | Killed Sigmund
  4747 | D:5      | Entered Level 5 of the Dungeon
  4749 | D:5      | Found an ancient bone altar of Kikubaaqudgha.
  5139 | D:5      | Found a blossoming altar of Fedhas.
  5149 | D:5      | Noticed Eustachio
  5167 | D:5      | Killed Eustachio
  5168 | D:5      | Reached skill level 5 in Fighting
  5168 | D:5      | Reached skill level 8 in Axes
  5388 | D:5      | Reached XP level 8. HP: 68/68 MP: 8/8
  5487 | D:6      | Found a staircase to the Ecumenical Temple.
  5494 | Temple   | Entered the Ecumenical Temple
  5523 | Temple   | Became a worshipper of the Wu Jian Council
  5655 | D:6      | Found a stormy altar of Qazlal.
  5880 | D:6      | Reached skill level 9 in Axes
  6011 | D:6      | Found a broken altar of Ashenzari.
  6012 | D:6      | Found a basalt altar of Yredelemnul.
  6709 | D:6      | Found a shadowy altar of Dithmenos.
  6902 | D:6      | Reached skill level 5 in Armour
  6948 | D:6      | Reached * piety under Wu Jian
  7078 | D:6      | Found a white marble altar of Elyvilon.
  7196 | D:6      | Noticed Grum
  7208 | D:6      | Killed Grum
  7209 | D:6      | Reached skill level 10 in Axes
  7209 | D:6      | Reached XP level 9. HP: 27/77 MP: 9/9
  7916 | D:7      | Found a broken altar of Ashenzari.
  7924 | D:7      | Reached skill level 5 in Dodging
  8301 | D:7      | Found Rulya's Weapon Boutique.
  8377 | D:7      | Identified the +4 spear of Floods {distort, Int+4}
  8383 | D:7      | Found a transporter.
  8423 | D:7      | Found a shimmering blue altar of Sif Muna.
  8603 | D:7      | Noticed a hellwing
  8639 | D:7      | Found a transporter.
  8690 | D:7      | Reached skill level 11 in Axes
  9352 | D:8      | Noticed a two-headed ogre
  9357 | D:8      | Noticed a deep troll
  9357 | D:8      | a two-headed ogre changed into a deep troll
  9393 | D:8      | Reached ** piety under Wu Jian
  9394 | D:8      | Noticed Psyche
  9675 | D:8      | Reached XP level 10. HP: 72/86 MP: 10/10
  9925 | D:6      | Reached skill level 12 in Axes
 10826 | D:8      | Slain by Psyche

Illustrated notes

Levels and vault maps discovered:
D:1:      minmay_arrival_jagged, layout_basic
D:2:      layout_basic, nicolae_ru_path_of_blood, uniq_crazy_yiuf_cottage
D:3:      layout_loops_ring, minmay_misc_feat_more_columns, minmay_statues_item,
          fedhas_ov_isle_minmay, uniq_terence
D:4:      layout_cave_pools, overflow_temple_1_default, serial_shops,
          nicolae_shop_behind_doors, uniq_sigmund
D:5:      layout_loops_ring, lemuel_round_altar, lemuel_doored_altar,
          uniq_menkaure, uniq_eustachio
D:6:      layout_cave_pods, elyvilon_altar_1, kennysheep_little_box,
          overflow_temple_1_default, gammafunk_temple_overflow_pools,
          minmay_temple_entry_mist, enter_ossuary_2, serial_gnoll_camp,
          gnoll_camp_medium_01, gnoll_camp_mini_doghouse,
          gnoll_camp_mini_doghouse, gnoll_camp_medium_02, grums_kennel,
          gnoll_camp_mini_loothouse
D:7:      layout_basic, basic_altar, gammafunk_ghost_abyssal_escape,
          serial_shops, shop_fountains, grunt_ministairs_14, led_sif_pool
D:8:      layout_cave_pods, grunt_lair_entry_orc_guard_hut, serial_bayou_pond_c,
          moated_statue, uniq_psyche, uniq_grum
Temple:   dshaligram_water_room_temple

Skill      XL: |  1  2  3  4  5  6  7  8  9 10 |
---------------+-------------------------------+-----
Throwing       | 2 |  2.0
Armour         | 1 2 3 5 6 |  6.9
Fighting       | 3 4 5 6 7 8 |  8.0
Axes           | 5 6 7 8 10 11 12 | 12.3
Dodging        | 3 4 5 |  5.9

Action                   |  1- 3 |  4- 6 |  7- 9 | 10-12 || total
-------------------------+-------+-------+-------+-------++-------
Melee: War axe           |    84 |   192 |   406 |    92 ||   774
       Unarmed           |       |       |     6 |     9 ||    15
Throw: Throwing net      |       |     3 |     2 |       ||     5
       Dart              |       |       |     9 |       ||     9
Invok: Lunge             |       |       |    27 |     9 ||    36
       Whirlwind         |       |       |    10 |     1 ||    11
Evoke: Wand              |       |       |     1 |       ||     1
  Use: Scroll            |       |       |     4 |       ||     4
Armor: Leather armour    |    43 |    13 |       |       ||    56
       Ring mail         |       |    50 |    53 |       ||   103
       Chain mail        |       |       |   106 |       ||   106
       Plate armour      |       |       |    15 |    50 ||    65
Dodge: Dodged            |    77 |   131 |   241 |    49 ||   498
